 Dungeon Crawl Stone Soup version 0.20.0 (webtiles) character file.

205 MatthieuS the Conjurer (level 5, 0/28 HPs)
             Began as a Deep Elf Conjurer on June 13, 2017.
             Slain by Ryco's ghost (4 damage)
             ... on level 3 of the Dungeon.
             The game lasted 00:07:55 (2062 turns).

MatthieuS the Conjurer (Deep Elf Conjurer)          Turns: 2062, Time: 00:07:56

Health: 0/28       AC:  2    Str:  6    XL:     5   Next: 52%
Magic:  5/14       EV: 13    Int: 20    God:
Gold:   137        SH:  0    Dex: 15    Spells: 7/13 levels left

rFire    . . .     SeeInvis .   w - +0 hunting sling
rCold    . . .     Gourm    .   (no shield)
rNeg     . . .     Faith    .   f - +0 robe
rPois    .         Spirit   .   (no helmet)
rElec    .         Reflect  .   (no cloak)
rCorr    .         Harm     .   (no gloves)
MR       .....                  (no boots)
Stlth    ++........             (no amulet)
Regen    0.1/turn               (no ring)
MPRegen  0.2/turn               (no ring)

@: no status effects
A: no striking features
a: no special abilities


You were on level 3 of the Dungeon.
You were hungry.

You visited 1 branch of the dungeon, and saw 3 of its levels.
You also visited: Sewer.

You collected 137 gold pieces.

Inventory:

Hand Weapons
 a - a +1 dagger of venom
 w - a +0 hunting sling (weapon)
Missiles
 j - 43 sling bullets (quivered)
Armour
 f - a +0 robe (worn)
Scrolls
 d - 3 scrolls of remove curse
 e - a scroll of fog
 o - a scroll of fear
 q - 3 scrolls of teleportation
 s - a scroll of enchant armour {unknown}
Potions
 g - a potion of might {unknown}
 i - a potion of haste {unknown}
 l - a potion of berserk rage {unknown}
 m - a potion of ambrosia {unknown}
 n - 2 potions of agility {unknown}
 p - a potion of lignification {unknown}
 r - a potion of magic {unknown}
 t - a potion of curing {unknown}
 u - 4 potions of flight
Books
 b - a book of Conjurations

   Spells                             Type                      Level
   a - Magic Dart                     Conjuration                  1
   b - Searing Ray                    Conjuration                  2
   c - Dazzling Spray                 Conjuration/Hexes            3
   d - Fulminant Prism                Conjuration/Hexes            4
   e - Force Lance                    Conjuration/Translocation    4
   f - Iskenderun's Mystic Blast      Conjuration                  4
Comestibles
 c - a bread ration
 k - 2 meat rations


   Skills:
 - Level 2.4 Dodging
 - Level 2.4 Stealth
 + Level 4.7 Spellcasting
 * Level 6.8 Conjurations


You had 7 spell levels left.
You knew the following spells:

 Your Spells              Type           Power        Failure   Level  Hunger
a - Magic Dart            Conj           ####         1%          1    None
b - Searing Ray           Conj           ####..       1%          2    #......
c - Dazzling Spray        Conj/Hex       ###...       9%          3    ##.....


Dungeon Overview and Level Annotations

Branches:
Dungeon (3/15)

Altars:
Nemelex Xobeh

Annotations:
D:3 Ryco's ghost, amateur MiFi


Message History

The searing ray hits Ryco's ghost.
Ryco's ghost is moderately damaged.
Ryco's ghost misses you.
The searing ray hits Ryco's ghost.
Ryco's ghost is moderately damaged.
Ryco's ghost hits you!
Ouch! That really hurt!
The searing ray hits Ryco's ghost.
Ryco's ghost is severely damaged.
You finish channeling your searing ray.
Ryco's ghost hits you!
* * * LOW HITPOINT WARNING * * *
Casting: Searing Ray
Confirm with . or Enter, or press ? or * to list all spells.
Aiming: Dazzling Spray
Press: ? - help, Shift-Dir - straight line, f/p - Ryco's ghost
Aim: Ryco's ghost (severely damaged)
The spray of energy hits Ryco's ghost.
Ryco's ghost is severely damaged.
Ryco's ghost hits you.
You die...

###....##.#
#.####..........
#...............
######.......#.#
############# #.....###.#
#.≈≈≈≈≈≈≈≈≈.## #.#...#
#.# ..≈≈≈≈.≈≈≈≈..#
#.##### #.#
..≈≈≈≈≈≈≈≈≈..##########.#
#.#
.###########...W@.......#
#.# .# ###.##.####### #.#
.. ........##.# ##
(.#####.##.# #.....
...#.# #.#..# ....$#
#.#.##


You could see Ryco's ghost.

Vanquished Creatures
  Purgy (Sewer)
  Jessica (D:2)
  2 adders
  An ooze (D:3)
  A worm (D:2)
  4 dart slugs
  6 leopard geckos
  An orc (D:3)
  4 ball pythons
  6 bats
  4 giant cockroaches
  3 goblins
  5 hobgoblins
  9 frilled lizards
  5 kobolds
  5 rats
58 creatures vanquished.

Notes
Turn   | Place    | Note
-------+----------+-------------------------------------------
     0 | D:1      | MatthieuS the Deep Elf Conjurer began the quest for the Orb.
     0 | D:1      | Reached XP level 1. HP: 10/10 MP: 6/6
   184 | D:1      | Reached XP level 2. HP: 15/15 MP: 5/8
   282 | D:1      | Reached skill level 5 in Conjurations
   695 | D:2      | Reached XP level 3. HP: 19/19 MP: 1/10
   955 | D:2      | Learned a level 2 spell: Searing Ray
   959 | D:2      | Learned a level 3 spell: Dazzling Spray
  1016 | D:2      | Noticed Jessica
  1019 | D:2      | Killed Jessica
  1024 | D:2      | Reached XP level 4. HP: 24/24 MP: 6/12
  1540 | D:3      | Found a sparkling altar of Nemelex Xobeh.
  1713 | D:3      | Reached skill level 6 in Conjurations
  1727 | D:3      | Found a glowing drain.
  1756 | Sewer    | Entered a sewer
  1870 | Sewer    | Noticed Purgy
  1877 | Sewer    | Killed Purgy
  1877 | Sewer    | Reached XP level 5. HP: 22/28 MP: 1/14
  2051 | D:3      | Noticed Ryco's ghost (amateur MiFi)
  2062 | D:3      | Slain by Ryco's ghost

Skill      XL: |  1  2  3  4 |
---------------+-------------+-----
Conjurations   | 5 6 |  6.8
Spellcasting   | 4 |  4.7
Dodging        | |  2.4
Stealth        | |  2.4

Action                   |  1- 3 |  4- 6 || total
-------------------------+-------+-------++-------
Melee: Dagger            |     1 |       ||     1
 Fire: Hunting sling     |       |    12 ||    12
 Cast: Magic Dart        |    61 |    43 ||   104
       Dazzling Spray    |       |     3 ||     3
       Searing Ray       |       |     2 ||     2
  Use: Scroll            |     1 |     4 ||     5
 Stab: Sleeping          |     1 |       ||     1
  Eat: Chunk             |       |     3 ||     3
Armor: Robe              |     1 |     2 ||     3
Dodge: Dodged            |       |    18 ||    18
